 Dungeon Crawl Stone Soup version 0.21.1-1-g345015f (webtiles) character file.

61554 Galewin the Severer (level 14, -13/127 HPs)
             Began as a Minotaur Berserker on May 22, 2018.
             Was a High Priest of Trog.
             Mangled by an orc knight
             ... wielding a +0 broad axe
              (34 damage)
             ... on level 1 of the Orcish Mines.
             The game lasted 00:45:48 (11523 turns).

Galewin the Severer (Minotaur Berserker)           Turns: 11523, Time: 00:45:49

Health: -13/127    AC: 21    Str: 27    XL:     14   Next: 61%
Magic:  0/13       EV: 11    Int:  4    God:    Trog [*****.]
Gold:   1050       SH: 17    Dex: 10    Spells: 13/13 levels left

rFire    + . .     SeeInvis +   G - +14 obsidian axe {chop, +Fly SInv *Curse}
rCold    + . .     Gourm    .   Y - +2 shield of Resistance {rF+ rC+ MR+}
rNeg     . . .     Faith    .   f - +3 plate armour
rPois    +         Spirit   +   (helmet restricted)
rElec    .         Reflect  .   k - +2 cloak {rPois}
rCorr    .         Harm     .   A - +2 pair of gloves
MR       ++++.                  r - +0 pair of boots
Stlth    ..........             m - amulet of guardian spirit
HPRegen  1.31/turn              i - ring of poison resistance
MPRegen  0.13/turn              B - ring of flight

@: about to teleport, mesmerised, very slightly contaminated, regenerating
A: retaliatory headbutt, horns 2
a: Berserk, Trog's Hand, Brothers in Arms, Burn Spellbooks, Renounce Religion,
Evoke Flight


You were on level 1 of the Orcish Mines.
You worshipped Trog.
Trog was extremely pleased with you.
You were near starving.

You visited 2 branches of the dungeon, and saw 17 of its levels.
You also visited: Labyrinth and Bailey.

You collected 1050 gold pieces.

Inventory:

Hand Weapons
 G - the +14 obsidian axe (weapon) {chop, +Fly SInv *Curse}
   (You found it on level 9 of the Dungeon)

   It inflicts extra damage upon your enemies.
   It lets you see invisible.
   It lets you fly.
   It curses itself when equipped.
Armour
 f - a +3 plate armour (worn)
 k - a +2 cloak of poison resistance (worn)
 r - a +0 pair of boots (worn)
 A - a +2 pair of gloves (worn)
 Y - the +2 shield of Resistance (worn) {rF+ rC+ MR+}
   (You found it on level 13 of the Dungeon)

   It protects you from fire.
   It protects you from cold.
   It affects your resistance to hostile enchantments.
Magical Staves
 U - an uncursed staff of poison {unknown}
Jewellery
 i - a ring of poison resistance (left hand)
 m - an amulet of guardian spirit (around neck)
 B - a ring of flight (right hand)
 C - an uncursed amulet of faith {unknown}
 D - an uncursed ring of resist corrosion
 L - an uncursed ring of wizardry {unknown}
 M - a cursed amulet of inaccuracy {unknown}
 O - a cursed ring of loudness {unknown}
 P - an uncursed ring of protection from cold {unknown}
 R - the amulet "Jecodu Kogg" {*Drain Regen+ Int+2 SInv, unknown}
   (You found it in a labyrinth)

   [amulet of regeneration]

   It affects your intelligence (+2).
   It lets you see invisible.
   It increases your rate of regeneration.
   It causes draining when unequipped.
 S - a cursed amulet of inaccuracy {unknown}
 T - an uncursed amulet of harm {unknown}
 X - an uncursed ring of protection from fire {unknown}
 Z - an uncursed ring of protection from magic {unknown}
Wands
 s - a wand of disintegration (9)
 t - a wand of random effects (87)
 y - a wand of flame (54)
 J - a wand of paralysis (22)
 V - a wand of scattershot (5)
Scrolls
 b - 2 scrolls of teleportation
 j - a scroll of blinking
 l - 8 scrolls of remove curse
 n - 3 scrolls of fear
 q - a scroll of enchant armour
 u - 11 scrolls of identify
 w - 2 scrolls of summoning
 z - 3 scrolls of fog
 I - a scroll of silence
Potions
 a - 2 potions of invisibility {unknown}
 d - 2 potions of ambrosia {unknown}
 e - a potion of haste {unknown}
 g - a potion of flight {unknown}
 h - a potion of magic {unknown}
 o - 13 potions of curing
 p - 4 potions of heal wounds {unknown}
 v - a potion of lignification {unknown}
 x - 2 potions of agility {unknown}
 E - a potion of mutation {unknown}
 H - 3 potions of cancellation {unknown}
 K - a potion of might {unknown}
Comestibles
 c - 26 rations
 F - a chunk of flesh


   Skills:
 + Level 12.5 Fighting
 - Level 18.6 Axes
 - Level 2.5 Armour
 + Level 11.3 Dodging
 * Level 16.1 Shields


You had 13 spell levels left.
You didn't know any spells.

Dungeon Overview and Level Annotations

Branches:
Dungeon (15/15)            Temple (0/1) D:5            Lair (0/6) D:11
    Orc (2/2) D:12         Vaults (0/5) D:13         Depths (0/5) D:15
    Elf: Orc:2

Altars:
Dithmenos
Fedhas
Gozag
Makhleb
Trog
Xom
Zin

Shops:
D:7 !   D:12 %   Orc:2 :[[

Annotations:
D:8 Maurice


Innate Abilities, Weirdness & Mutations

You reflexively headbutt those who attack you in melee.
You have a pair of horns on your head.


Message History

The troll claws you but does no damage. The troll misses you.
There is a stone staircase leading down here.
You cannot move away from the orc warrior!
Unknown command.
You cannot move away from the orc warrior!
You cannot move away from the orc warrior!
Your deep troll goes berserk!
You are near starving!
Visions of slaying the orc warrior flood into your mind.
You block the orc warrior's attack. You block the orc's attack.
You block the orc warrior's attack. You block the troll's attack.
The troll claws you.
* * * LOW HITPOINT WARNING * * *
The troll claws you but does no damage.
Unknown command.
As you read the scroll of teleportation, it crumbles to dust.
You feel strangely unstable.
Visions of slaying the troll flood into your mind.
The orc knight hits you with a broad axe!!!
You die... ## ##.## . ...# ... #..## #...##.T.# #......o## #.T@o.# #oooooh.#

#...hoo...#
#....oo...#
.....o..o...#
.....##o...o..
...... .......
...... .......


You could see an orc warlord, an orc knight, a troll, 2 wargs, 5 orc warriors,
an orc priest, 2 orc wizards, 5 orcs and a friendly deep troll (berserk).

Vanquished Creatures
  Frances (D:13)
  Gastronok (D:8)
  A very ugly thing (D:15)
  A stone giant (Orc:1)
  A minotaur (Lab)
  A yaktaur captain (D:15)
  An ice dragon (D:13)
  Erolcha (D:13)
  2 fire dragons (D:13)
  Josephine (Orc:2)
  3 hydras (D:15)
  8 vault guards (D:13)
  3 centaur warriors
  4 two-headed ogres
  A tengu warrior (D:14)
  A vampire mage (D:15)
  An orc high priest (Orc:2)
  Urug (Orc:1)
  2 unseen horrors
  2 skeletal warriors (D:15)
  A death drake (shapeshifter) (D:15)
  The ghost of Terandir the Cleaver, a novice MiFi of Cheibriados (D:6)
  2 orc knights
  A sphinx zombie (D:15)
  A necromancer (D:15)
  Pikel (D:6)
  A deep elf mage (D:15)
  An orc sorcerer (Orc:2)
  A cyclops (D:15)
  11 ugly things
  A manticore (D:15)
  A frost giant skeleton (D:15)
  3 gargoyles
  An efreet (D:15)
  A komodo dragon (shapeshifter) (D:15)
  A kobold demonologist (D:14)
  2 trolls
  2 hornets
  A merfolk (shapeshifter) (D:15)
  Prince Ribbit (D:6)
  6 slime creatures (D:15)
  An ettin zombie (D:15)
  A spriggan zombie (D:15)
  3 hippogriffs
  3 wraiths (Orc:2)
  3 shadows
  A wyvern (D:12)
  20 yaks
  A vampire (D:9)
  A basilisk (shapeshifter) (D:15)
  7 hungry ghosts
  A steam dragon (D:9)
  4 vampire mosquitoes (D:15)
  2 wargs
  A soldier ant (D:13)
  The ghost of kalagan the Caller, an amateur DESu (D:4)
  4 acid dragons
  2 porcupines (D:11)
  An ice beast (shapeshifter) (D:15)
  17 orc warriors
  2 black bears (D:9)
  An eye of draining (D:11)
  4 ice beasts
  A phantom (D:4)
  3 slaves (D:6)
  4 ogres
  13 centaurs
  2 big kobolds (D:10)
  5 bullfrogs
  A gnoll sergeant (D:13)
  A wyvern skeleton (D:12)
  A scorpion (D:10)
  3 wights (D:11)
  4 howler monkeys
  4 centaur zombies
  8 crimson imps
  A quasit (D:11)
  4 jellies
  3 centaur skeletons
  A bullfrog zombie (D:10)
  8 hounds
  28 orc priests
  Crazy Yiuf (D:2)
  14 orc wizards
  4 bullfrog skeletons
  Jessica (D:3)
  An iguana (D:8)
  Natasha (thrice) (D:3)
  7 worker ants
  A hound skeleton (D:8)
  A worker ant zombie (D:4)
  16 gnolls
  11 adders
  2 shadow imps
  6 oozes
  2 adder skeletons
  3 worms
  A dart slug (D:1)
  5 leopard geckos
  55 orcs
  2 ball pythons (D:4)
  2 giant cockroaches
  5 goblins
  7 hobgoblins
  10 jackals
  5 quokkas
  4 bats
  6 frilled lizards
  17 kobolds
  2 quokka skeletons
  2 quokka zombies
  8 rats
  5 fungi
  7 plants (D:11)
  A withered plant (D:15)
471 creatures vanquished.

Vanquished Creatures (collateral kills)
  Snorg (D:11)
  An ogre mage (D:15)
  A hydra (D:15)
  An ice dragon (D:13)
  2 centaur warriors (D:15)
  A two-headed ogre (D:10)
  2 orc high priests (Orc:2)
  An orc knight (D:15)
  A manticore (shapeshifter) (D:15)
  2 centaur zombies (D:15)
  An ugly thing (D:13)
  2 slime creatures (D:15)
  A hippogriff (D:14)
  3 yaks
  A basilisk (D:15)
  A soldier ant (D:11)
  2 acid dragons
  A porcupine (D:11)
  An orc warrior (Orc:2)
  A black bear (D:11)
  A phantom (D:10)
  A crocodile (D:11)
  3 centaurs
  A bullfrog (D:11)
  A scorpion (D:10)
  A jelly (D:13)
  A wight (D:11)
  A bullfrog skeleton (D:10)
  4 orc wizards
  3 orc priests (Orc:2)
  An adder (D:11)
  A shadow imp (D:13)
  5 orcs
  8 kobolds (D:10)
  9 fungi
  6 plants (D:11)
74 creatures vanquished.

Vanquished Creatures (others)
  11 fungi (D:11)
11 creatures vanquished.

Grand Total: 556 creatures vanquished

Notes
Turn   | Place    | Note
-------+----------+-------------------------------------------
     0 | D:1      | Galewin the Minotaur Berserker began the quest for the Orb.
     0 | D:1      | Reached XP level 1. HP: 19/19 MP: 0/0
   118 | D:1      | Reached skill level 4 in Axes
   131 | D:1      | Reached XP level 2. HP: 27/27 MP: 1/1
   487 | D:2      | Reached XP level 3. HP: 31/33 MP: 2/2
   536 | D:2      | Reached skill level 5 in Axes
   778 | D:2      | Found a runed door.
   782 | D:2      | Noticed Crazy Yiuf
   794 | D:2      | Killed Crazy Yiuf
   794 | D:2      | Reached ** piety under Trog
   794 | D:2      | Reached XP level 4. HP: 40/40 MP: 3/3
   834 | D:3      | Reached skill level 6 in Axes
   925 | D:3      | Noticed Jessica
   939 | D:3      | Killed Jessica
   968 | D:3      | Noticed Natasha
   975 | D:3      | Killed Natasha
   975 | D:3      | Reached XP level 5. HP: 33/46 MP: 4/4
   992 | D:3      | Noticed Natasha
   998 | D:3      | Killed Natasha
   998 | D:3      | Reached skill level 7 in Axes
  1146 | D:3      | Noticed Natasha
  1164 | D:3      | Killed Natasha
  1304 | D:3      | Found a shimmering altar of Xom.
  1776 | D:4      | Reached skill level 8 in Axes
  1781 | D:4      | Noticed a phantom
  1791 | D:4      | Killed a phantom
  1791 | D:4      | Reached XP level 6. HP: 39/52 MP: 5/5
  1881 | D:4      | Noticed kalagan's ghost (amateur DESu)
  1890 | D:4      | Killed kalagan's ghost
  1890 | D:4      | Reached skill level 9 in Axes
  1935 | D:4      | Reached XP level 7. HP: 46/58 MP: 6/6
  2190 | D:5      | Entered Level 5 of the Dungeon
  2203 | D:5      | Reached *** piety under Trog
  2236 | D:5      | Found a glowing silver altar of Zin.
  2236 | D:5      | Noticed an angel
  2356 | D:5      | Found an opulent altar of Gozag.
  2362 | D:5      | Reached skill level 10 in Axes
  2395 | D:5      | Found a shadowy altar of Dithmenos.
  2548 | D:5      | Found a staircase to the Ecumenical Temple.
  2998 | D:6      | Noticed Terandir's ghost (novice MiFi)
  3017 | D:6      | Killed Terandir's ghost
  3017 | D:6      | Reached skill level 12 in Axes
  3017 | D:6      | Reached XP level 8. HP: 30/66 MP: 7/7
  3227 | D:6      | Noticed Prince Ribbit
  3246 | D:6      | Killed Prince Ribbit
  3336 | D:6      | Reached skill level 13 in Axes
  3507 | D:6      | Found a burning altar of Makhleb.
  3515 | D:6      | Noticed Pikel
  3526 | D:6      | Killed Pikel
  3526 | D:6      | Reached skill level 14 in Axes
  3526 | D:6      | Reached XP level 9. HP: 65/71 MP: 8/8
  3928 | D:7      | Found Devo's Distillery.
  4163 | D:7      | Found a flagged portal.
  4170 | D:7      | Reached **** piety under Trog
  4211 | Bailey   | Entered a bailey
  4534 | Bailey   | Noticed an orc knight
  4539 | Bailey   | Found an iron altar of Okawaru.
  4554 | Bailey   | Killed an orc knight
  4554 | Bailey   | Reached skill level 15 in Axes
  5003 | D:8      | Noticed Gastronok
  5021 | D:8      | Killed Gastronok
  5021 | D:8      | Reached skill level 16 in Axes
  5021 | D:8      | Reached XP level 10. HP: 52/78 MP: 9/9
  5096 | D:8      | Reached ***** piety under Trog
  5117 | D:8      | Reached skill level 17 in Axes
  5185 | D:8      | Noticed a two-headed ogre
  5193 | D:8      | Killed a two-headed ogre
  5208 | D:8      | Paralysed by a hornet for 1 turns
  5527 | D:8      | Noticed Maurice
  5693 | D:8      | Found a bloodstained altar of Trog.
  5725 | D:8      | Found a blossoming altar of Fedhas.
  6064 | D:9      | Noticed a centaur warrior
  6075 | D:9      | Killed a centaur warrior
  6075 | D:9      | Reached skill level 18 in Axes
  6165 | D:9      | Found a bloodstained altar of Trog.
  6285 | D:9      | Found the cursed +14 obsidian axe {chop, +Fly SInv *Curse}
  6336 | D:10     | Entered Level 10 of the Dungeon
  6506 | D:10     | Reached XP level 11. HP: 83/83 MP: 10/10
  6512 | D:10     | Reached skill level 1 in Shields
  6519 | D:10     | Noticed a two-headed ogre
  6524 | D:10     | Killed a two-headed ogre
  6524 | D:10     | Received a gift from Trog
  6584 | D:10     | Found a shadowy altar of Dithmenos.
  7024 | D:11     | Found a staircase to the Lair.
  7034 | D:11     | Reached skill level 5 in Fighting
  7085 | D:11     | Noticed Snorg
  7086 | D:11     | Reached skill level 5 in Shields
  7097 | D:11     | Killed Snorg
  7181 | D:11     | Noticed a two-headed ogre
  7186 | D:11     | Killed a two-headed ogre
  7266 | D:11     | Noticed a cyan ugly thing
  7271 | D:11     | Killed a cyan ugly thing
  7271 | D:11     | Reached skill level 5 in Dodging
  7431 | D:11     | Received a gift from Trog
  7698 | D:12     | Found a labyrinth entrance.
  7757 | Lab      | Entered a labyrinth
  7895 | Lab      | Noticed a minotaur
  7901 | Lab      | Killed a minotaur
  7901 | Lab      | Reached XP level 12. HP: 100/100 MP: 11/11
  7909 | Lab      | Got a steaming tin amulet
  7975 | D:12     | Noticed a two-headed ogre
  7981 | D:12     | Killed a two-headed ogre
  8229 | D:12     | Found Noasm's Food Emporium.
  8273 | D:12     | Found a staircase to the Orcish Mines.
  8690 | D:13     | Found a gate to the Vaults.
  8690 | D:13     | Noticed a vault guard
  8690 | D:13     | Noticed a vault guard
  8690 | D:13     | Noticed a vault guard
  8690 | D:13     | Noticed a vault guard
  8690 | D:13     | Noticed a vault guard
  8690 | D:13     | Noticed a vault guard
  8690 | D:13     | Noticed a vault guard
  8690 | D:13     | Noticed a vault guard
  8693 | D:13     | Killed a vault guard
  8694 | D:13     | Killed a vault guard
  8696 | D:13     | Killed a vault guard
  8697 | D:13     | Killed a vault guard
  8697 | D:13     | Reached skill level 10 in Shields
  8697 | D:13     | Killed a vault guard
  8699 | D:13     | Killed a vault guard
  8699 | D:13     | Killed a vault guard
  8706 | D:13     | Killed a vault guard
  8773 | D:13     | Found a runed door.
  8773 | D:13     | Noticed an ice dragon
  8773 | D:13     | Noticed a fire dragon
  8773 | D:13     | Noticed a fire dragon
  8774 | D:13     | Found the +2 shield of Resistance {rF+ rC+ MR+}
  8774 | D:13     | Found a runed door.
  8775 | D:13     | Noticed an ice dragon
  8785 | D:13     | Killed an ice dragon
  8791 | D:13     | HP: 5/104 [ice dragon/blast of cold (22)]
  9273 | D:13     | Noticed Erolcha
  9282 | D:13     | Killed Erolcha
  9290 | D:13     | Received a gift from Trog
  9325 | D:13     | Killed a fire dragon
  9350 | D:13     | Noticed Frances
  9361 | D:13     | Killed a fire dragon
  9362 | D:13     | Killed Frances
  9362 | D:13     | Reached XP level 13. HP: 112/112 MP: 8/12
  9723 | D:13     | Reached skill level 10 in Fighting
 10395 | D:15     | Entered Level 15 of the Dungeon
 10398 | D:15     | Found a staircase to the Depths.
 10406 | D:15     | Noticed a jiangshi
 10422 | D:15     | Reached ****** piety under Trog
 10532 | D:15     | Reached skill level 10 in Dodging
 10537 | D:15     | Received a gift from Trog
 10583 | D:15     | Noticed a brown very ugly thing
 10584 | D:15     | Reached XP level 14. HP: 61/124 MP: 13/13
 10595 | D:15     | Killed a brown very ugly thing
 10639 | D:15     | Reached skill level 15 in Shields
 11249 | Orc:1    | Entered Level 1 of the Orcish Mines
 11249 | Orc:1    | Noticed Urug
 11258 | Orc:1    | Killed Urug
 11308 | Orc:1    | Noticed a stone giant
 11320 | Orc:1    | Killed a stone giant
 11425 | Orc:2    | Entered Level 2 of the Orcish Mines
 11431 | Orc:2    | Received a gift from Trog
 11443 | Orc:2    | Noticed Josephine
 11453 | Orc:2    | Killed Josephine
 11495 | Orc:2    | Found Xiecerus's Book Shop.
 11498 | Orc:2    | Found Faryesue's Antique Armour Boutique.
 11502 | Orc:2    | Found Zemut's Armour Boutique.
 11521 | Orc:1    | Noticed an orc warlord
 11523 | Orc:1    | Mangled by an orc knight

Skill      XL: |  1  2  3  4  5  6  7  8  9 10 11 12 13 14 |
---------------+-------------------------------------------+-----
Axes           | 4 5 6 8 9 12 14 16 18 | 18.6
Fighting       | 7 9 11 12 | 12.5
Shields        | 8 12 14 16 | 16.1
Dodging        | 5 8 10 11 | 11.3
Armour         | |  2.5

Action                   |  1- 3 |  4- 6 |  7- 9 | 10-12 | 13-15 || total
-------------------------+-------+-------+-------+-------+-------++-------
Melee: Hand axe          |    55 |    37 |       |       |       ||    92
       Headbutt          |     5 |    15 |    45 |    64 |    59 ||   188
       War axe           |       |    68 |   223 |   107 |       ||   398
       Broad axe         |       |       |       |   233 |   304 ||   537
Invok: Berserk           |     1 |     2 |     6 |     8 |     6 ||    23
       Burn Spellbooks   |       |     1 |     3 |     4 |     1 ||     9
       Trog's Hand       |       |     1 |       |     1 |     4 ||     6
       Brothers in Arms  |       |       |       |       |     2 ||     2
  Use: Scroll            |       |     8 |     5 |     3 |    17 ||    33
 Stab: Distracted        |       |       |       |     2 |     3 ||     5
       Paralysed         |       |       |       |       |     1 ||     1
  Eat: Chunk             |       |     7 |     6 |     9 |    15 ||    37
       Ration            |       |       |     3 |     4 |       ||     7
Armor: Plate armour      |    31 |    69 |   121 |   104 |    88 ||   413
       Animal skin       |     1 |       |       |       |       ||     1
       Skin              |       |       |       |     7 |       ||     7
Dodge: Dodged            |    21 |    45 |    70 |    74 |    65 ||   275
Block: Shield            |       |       |       |    73 |   192 ||   265
